 Dungeon Crawl Stone Soup version 0.30-a0-948-g4fa250aae5 (webtiles) character file.

Game seed: 4303993262706823985

17880 timneilson the Protected (level 12, -1/73 HPs)
             Began as a Gargoyle Fighter on Mar 26, 2023.
             Was a High Priest of Okawaru.
             Slain by a slime creature (8 damage)
             ... on level 12 of the Dungeon on Mar 27, 2023.
             The game lasted 00:34:32 (13771 turns).

timneilson the Protected (Gargoyle Fighter)        Turns: 13771, Time: 00:34:33

Health: -1/73      AC: 30    Str: 27    XL:     12   Next: 52%
Magic:  15/15      EV:  9    Int:  9    God:    Okawaru [*****.]
Gold:   510        SH:  0    Dex: 13    Spells: 11/11 levels left

rFire   . . .      SeeInvis .    a - +1 long sword
rCold   . . .      Faith    .    c - +0 buckler
rNeg    + . .      Spirit   .    C - +0 plate armour
rPois   ∞          Reflect  +    B - +0 helmet
rElec   +          Rampage  .    e - +1 cloak
rCorr   .                        m - +0 pair of gloves
Will    .....                    E - +0 pair of boots Stlth
                                 i - amulet of reflection
HPRegen 0.32/turn                j - +6 ring of strength
MPRegen 0.14/turn                b - +4 ring of slaying

@: confused, ambrosia-drunk, hasted, very quick
A: sickness immunity, AC +8, negative energy resistance 1, electricity
resistance, torment resistance 1, petrification resistance
a: Renounce Religion, Heroism, Finesse, Duel


You were on level 12 of the Dungeon.
You worshipped Okawaru.
Okawaru was extremely pleased with you.
You visited 2 branches of the dungeon, and saw 13 of its levels.
You also visited: Ossuary and Bailey.

You collected 804 gold pieces.
You spent 294 gold pieces at shops.

Inventory:

Hand Weapons
 a - a +1 long sword (weapon)
Armour
 c - a +0 buckler (worn)
 e - a +1 cloak (worn)
 m - a +0 pair of gloves (worn)
 B - a +0 helmet (worn)
 C - a +0 plate armour (worn)
 E - a +0 pair of boots (worn)
Jewellery
 b - a +4 ring of slaying (right hand)
 i - an amulet of reflection (around neck)
 j - a +6 ring of strength (left hand)
 A - a ring of positive energy
 D - a +5 ring of evasion
 M - a ring of fire
Wands
 d - a wand of paralysis (15)
 n - a wand of flame (17)
 o - a wand of quicksilver (3)
 r - a wand of mindburst (19)
 v - a wand of polymorph (2)
 y - a wand of digging (3)
 G - a wand of roots (12)
Scrolls
 g - a scroll of teleportation
 h - 2 scrolls of fear
 l - 3 scrolls of amnesia
 t - a scroll of enchant armour
 u - 2 scrolls of vulnerability
 F - a scroll of enchant weapon
 I - a scroll of magic mapping
 K - 4 scrolls of identify
 L - 3 scrolls of brand weapon {unknown}
Potions
 f - 2 potions of attraction
 k - 2 potions of haste
 p - a potion of flight
 q - 11 potions of ambrosia
 w - 3 potions of lignification
 x - 3 potions of might
 z - a potion of invisibility
 H - a potion of cancellation
 J - 2 potions of brilliance
Miscellaneous
 s - a condenser vane


   Skills:
 + Level 8.0 Fighting
 * Level 8.9 Long Blades
 * Level 10.8 Armour
 + Level 5.3 Dodging
 * Level 10.8 Shields
 + Level 5.1 Invocations
 + Level 5.7 Evocations


You had 11 spell levels left.
You didn't know any spells.
Your spell library contained the following spells:

 Spells                   Type           Power      Damage    Failure   Level
 Apportation              Tloc           0%         N/A       99%         1
 Freeze                   Ice            0%         1d3       99%         1
 Magic Dart               Conj           0%         1d3       99%         1
 Necrotise                Necr           0%         1d4       99%         1
 Sandblast                Erth           0%         2d4       99%         1
 Blink                    Tloc           0%         N/A       99%         2
 Ensorcelled Hibernation  Hex/Ice        0%         N/A       99%         2
 Lesser Beckoning         Tloc           0%         N/A       99%         2
 Momentum Strike          Conj/Tloc      0%         3d8       99%         2
 Passwall                 Tmut/Erth      0%         N/A       99%         2
 Frozen Ramparts          Ice            0%         1d1       100%        3
 Hailstorm                Conj/Ice       0%         3d3       100%        3
 Mephitic Cloud           Conj/Pois/Air  0%         N/A       100%        3
 Stone Arrow              Conj/Erth      0%         3d7       100%        3
 Swiftness                Air            0%         N/A       100%        3
 Petrify                  Tmut/Erth      0%         N/A       100%        4
 Irradiate                Conj/Tmut      0%         3d11      100%        5
 Summon Small Mammal      Summ           Unusable   N/A       N/A         1
 Call Imp                 Summ           Unusable   N/A       N/A         2
 Sublimation of Blood     Necr           Unusable   N/A       N/A         2

Dungeon Overview and Level Annotations

Branches:
Dungeon (12/15)            Temple (1/1) D:5            Lair (0/5) D:10
    Orc (0/2) D:11        Ossuary (visited)          Bailey (visited)

Altars:
Ashenzari
Cheibriados
Dithmenos
Elyvilon
Fedhas
Gozag
Hepliaklqana
Kikubaaqudgha
Makhleb
Nemelex Xobeh
Okawaru
Qazlal
Ru
Sif Muna
Trog
Uskayaw
Vehumet
Wu Jian
Xom
Yredelemnul
Zin
The Shining One

Shops:
D:1 [   D:4 [   D:10 =   D:11 ?   D:12 :

Portals:
Trove: D:10 (give 8 scrolls of fear)

Annotations:
D:4 2 transporters, Nabski's ghost, amateur TeFE
D:9 3 runed translucent doors, exclusion: orange crystal statue


Innate Abilities, Weirdness & Mutations

You are immune to sickness and miasma.
Your stone body is resilient. (AC +8)
You are immune to poison.
You resist negative energy. (rN+)
You are resistant to electric shocks. (rElec)
You are resistant to unholy torment.
You are immune to petrification.


Message History

You slash the slime creature!
The slime creature is severely wounded.
The slime creature hits you but does no damage.
You block the slime creature's attack.
The slime creature hits you but does no damage. x2
You slash the slime creature!
The slime creature is severely wounded.
The large slime creature hits you but does no damage.
You block the slime creature's attack. x2
You slash the slime creature!
The slime creature is almost dead.
The slime creature hits you but does no damage.
The slime creature hits you!
The large slime creature closely misses you.
The slime creature barely misses you.
You slash the slime creature!
You kill the slime creature!
Okawaru accepts your kill.
The slime creature hits you but does no damage.
You block the slime creature's attack. The slime creature hits you!
You block the large slime creature's attack.
You feel yourself speed up. The slime creature hits you.
* * * LOW HITPOINT WARNING * * *
The slime creature hits you but does no damage.
You block the slime creature's attack.
A large slime creature splits.
You slash the slime creature!
The slime creature is moderately wounded.
The slime creature hits you but does no damage.
You slash the slime creature!
The slime creature is heavily wounded.
You feel like a meek peon again.
The slime creature hits you but does no damage.
The slime creature hits you!
* * * LOW HITPOINT WARNING * * *
The slime creature hits you but does no damage. x2
You are confused.
You feel invigorated.
The slime creature hits you but does no damage. x2
The slime creature hits you!
You die...

#.#.#.# #. #...... .. #.....##.
#.##..#..# ... #.##.#
#.....#..##.. #.##.# #..........
######.##.###........# .#
..............##.....##..##
...........................
#####..........JJJ.....?...
#.##........@J#........
#.##..######J.##.###### #.##..#
#........ .# #####.##..#
#..##.#.# ###.# #.....##..# ...#
.#.# #. ....# #.###.....# ...##
.. . #.##|#≈# #..>.....## .....#
.# #.#.#≈≈≈≈≈ #..##..#.#
#...~~##..###.#≈≈≈≈≈≈≈
~~≈~~~...###..~≈≈≈≈~.##~≈≈≈≈≈≈≈≈≈


You could see 5 slime creatures.

Vanquished Creatures
  Gastronok (D:10)
  Fannar (D:12)
  A boulder beetle (D:11)
  A two-headed ogre (D:9)
  Sonja (D:11)
  A manticore (D:11)
  2 cyclopes (D:11)
  Psyche (D:12)
  A freezing wraith (D:11)
  2 unseen horrors
  2 komodo dragons
  5 trolls
  A queen bee (D:11)
  4 slime creatures (D:12)
  A vampire (D:11)
  A water elemental (D:12)
  A shadow (D:9)
  2 wyverns
  11 yaks
  A wraith (D:11)
  2 basilisks
  A steam dragon (D:7)
  10 vampire mosquitoes
  A water moccasin (D:6)
  3 acid dragons
  Duvessa (D:4)
  4 orc warriors
  2 sky beasts
  2 ice beasts
  A black bear (D:6)
  2 ogres
  7 centaurs
  A phantom (D:6)
  A kobold brigand (D:5)
  2 bullfrogs
  2 gnoll sergeants
  9 wights
  2 scorpions
  A water moccasin zombie (Ossuary)
  Dowan (D:4)
  27 killer bees
  3 howler monkeys
  8 electric eels
  2 jellies (D:4)
  2 orc priests
  4 hounds
  A sleepcap (D:7)
  3 iguanas
  13 orc wizards
  2 mummies (Ossuary)
  18 gnolls
  10 adders
  A shadow imp (D:7)
  4 worms
  A dart slug (D:5)
  39 orcs
  7 endoplasms
  6 gnoll zombies (Ossuary)
  6 goblins
  4 hobgoblins
  4 jackals (D:4)
  12 kobolds
  A quokka (D:4)
  8 ball pythons
  8 bats
  A frilled lizard (D:1)
  A hobgoblin zombie (Ossuary)
  6 kobold zombies (Ossuary)
  6 orc zombies (Ossuary)
  6 rats
  A bush (D:11)
311 creatures vanquished.

Vanquished Creatures (others)
  A kobold (D:3)
  4 plants (D:11)
5 creatures vanquished.

Grand Total: 316 creatures vanquished

Notes
Turn   | Place    | Note
-------+----------+-------------------------------------------
     0 | D:1      | timneilson the Gargoyle Fighter began the quest for the
                  | Orb.
     0 | D:1      | Reached XP level 1. HP: 14/14 MP: 1/1
   152 | D:1      | Reached XP level 2. HP: 19/19 MP: 2/2
   339 | D:1      | Found Risoq's Antique Armour Shoppe.
   391 | D:1      | Reached XP level 3. HP: 19/23 MP: 3/3
   997 | D:2      | Found a snail-covered altar of Cheibriados.
  1134 | D:2      | Reached XP level 4. HP: 28/28 MP: 4/4
  1527 | D:3      | Noticed a sky beast
  1549 | D:3      | Killed a sky beast
  1550 | D:3      | Reached skill level 1 in Dodging
  1550 | D:3      | Reached XP level 5. HP: 11/33 MP: 5/5
  2350 | D:3      | Found a glowing silver altar of Zin.
  2520 | D:4      | Reached XP level 6. HP: 3/38 MP: 6/6
  2687 | D:4      | Found a transporter.
  2746 | D:4      | Found a transporter.
  2746 | D:4      | Noticed Nabski's ghost (amateur TeFE)
  2994 | D:4      | Reached skill level 1 in Evocations
  3234 | D:4      | Found Ruattyem's Antique Armour Shop.
  3242 | D:4      | Noticed Duvessa
  3242 | D:4      | Noticed Dowan
  3251 | D:4      | Killed Duvessa
  3252 | D:4      | Reached XP level 7. HP: 43/43 MP: 7/7
  3259 | D:4      | Killed Dowan
  3260 | D:4      | Reached skill level 5 in Armour
  3260 | D:4      | Reached skill level 5 in Shields
  3528 | D:5      | Entered Level 5 of the Dungeon
  3547 | D:5      | Found a staircase to the Ecumenical Temple.
  3609 | Temple   | Entered the Ecumenical Temple
  4423 | D:5      | Found a broken altar of Ashenzari.
  4481 | D:5      | Reached XP level 8. HP: 48/48 MP: 8/8
  5110 | D:6      | Found a sand-covered staircase.
  5121 | Ossuary  | Entered an ossuary
  5472 | D:5      | Reached skill level 5 in Fighting
  5524 | D:4      | Bought a heavily runed chain mail for 294 gold pieces
  5524 | D:4      | Identified the +0 chain mail of Eternal Vigilance {Harm
                  | rCorr Int-5} (You bought it in a shop on level 4 of the
                  | Dungeon)
  5733 | D:6      | HP: 2/49 [something (9)]
  5766 | D:6      | Killed an unseen horror
  5767 | D:6      | Reached skill level 5 in Long Blades
  5767 | D:6      | Reached XP level 9. HP: 36/54 MP: 9/9
  5921 | D:6      | Found a white marble altar of Elyvilon.
  5925 | D:6      | Found a hazy altar of Hepliaklqana.
  5992 | D:6      | Found a sacrificial altar of Ru.
  5992 | D:6      | Found a shadowy altar of Dithmenos.
  6445 | D:7      | Found a hide-covered altar of Uskayaw.
  6446 | D:7      | Found a radiant altar of Vehumet.
  6483 | D:7      | Found a bloodstained altar of Trog.
  6558 | D:7      | Found a flagged portal.
  6565 | Bailey   | Entered a bailey
  8149 | D:8      | Found an iron altar of Okawaru.
  8158 | D:8      | Became a worshipper of Warmaster Okawaru
  8259 | D:8      | Found an ancient bone altar of Kikubaaqudgha.
  8390 | D:8      | Reached XP level 10. HP: 45/60 MP: 10/10
  8604 | D:9      | Identified the +8 trident of Kaahiufe {drain, rN+ Int+3}
  8702 | D:9      | Reached skill level 1 in Invocations
  8756 | D:9      | Noticed a two-headed ogre
  8769 | D:9      | Killed a two-headed ogre
  8978 | D:9      | Reached * piety under Okawaru
  9013 | D:9      | Found a runed translucent door.
  9080 | D:9      | Found a runed translucent door.
  9110 | D:9      | Found a runed translucent door.
  9194 | D:9      | Found a runed translucent door.
  9498 | D:9      | Noticed an orange crystal statue
  9532 | D:10     | Entered Level 10 of the Dungeon
  9625 | D:10     | Noticed Gastronok
  9626 | D:10     | Found a staircase to the Lair.
  9719 | D:10     | Killed Gastronok
  9719 | D:10     | Reached ** piety under Okawaru
  9857 | D:9      | Reached XP level 11. HP: 66/66 MP: 13/13
 10141 | D:9      | Reached *** piety under Okawaru
 10398 | D:10     | Found a blossoming altar of Fedhas.
 10543 | D:10     | Found a portal to a secret trove of treasure.
 10797 | D:10     | Found Joroick's Jewellery Boutique.
 11354 | D:11     | Reached **** piety under Okawaru
 11358 | D:11     | Noticed a manticore
 11380 | D:11     | Reached skill level 5 in Evocations
 11387 | D:11     | Killed a manticore
 11584 | D:11     | Found a staircase to the Orcish Mines.
 11668 | D:11     | Noticed a boulder beetle
 11740 | D:11     | Killed a boulder beetle
 11741 | D:11     | Reached skill level 10 in Armour
 11741 | D:11     | Reached skill level 10 in Shields
 11797 | D:11     | Noticed a cyclops
 11810 | D:11     | Killed a cyclops
 11822 | D:11     | Noticed Sonja
 11826 | D:11     | Killed Sonja
 11841 | D:11     | Noticed a cyclops
 11858 | D:11     | Reached skill level 5 in Dodging
 11858 | D:11     | Reached XP level 12. HP: 63/72 MP: 13/15
 12371 | D:11     | Found Bupusox's Magic Scroll Shoppe.
 12422 | D:11     | Reached ***** piety under Okawaru
 13306 | D:12     | Noticed Psyche
 13308 | D:12     | Killed Psyche
 13308 | D:12     | Identified the +1 robe "Bugapton" {+Blink rElec Dex+3}
                  | (Okawaru gifted it to you on level 12 of the Dungeon)
 13308 | D:12     | Received a gift from Okawaru
 13394 | D:12     | Found Zucub's Book Emporium.
 13579 | D:12     | Noticed Fannar
 13642 | D:12     | Killed Fannar
 13643 | D:12     | Reached skill level 5 in Invocations
 13771 | D:12     | Slain by a slime creature

Illustrated notes

Levels and vault maps discovered:
D:1:      tekkud_arrival_beachfront_property, layout_rooms, serial_shops,
          nicolae_shop_crystal, chequers_serial_rivers_micro_b,
          minmay_tetromino_t2
D:2:      layout_basic, basic_altar, nicolae_elevator_lobby_asterisk
D:3:      layout_basic, zin_treasury, minmay_misc_feat_roman,
          minmay_fractal_squares_5
D:4:      layout_gridville, serial_shops, shop, gammafunk_ghost_arena,
          feat_on_display, uniq_duvessa
D:5:      layout_cave_pods, evilmike_ruin_ashenzari, minmay_temple_entry_waves,
          serial_glass, glass_columns_b, glass_columns_a, glass_columns_c,
          glass_columns_c, glass_columns_b, glass_columns_b, grunt_tough_drop
D:6:      layout_gridville, nicolae_overflow_hidden_temple,
          nicolae_ossuary_entry_ruins
D:7:      layout_cave_pods, grunt_temple_overflow_open, enter_bailey_2
D:8:      layout_gridville, okawaru_trees_1, kennysheep_mini,
          kennysheep_generic_room_3
D:9:      layout_loops_cross, minmay_statue_crystal_thing
D:10:     layout_loops_cross, kennysheep_mini_moat, david_lair_generic,
          serial_shops, nicolae_shop_behind_doors, nicolae_trove_entry_columns,
          uniq_gastronok
D:11:     layout_cave_pools, orc_0_dummy, serial_park, serial_park_tiny_1,
          serial_park_square3 [serial_park_minivault_5x5_5], serial_park_tiny_2,
          serial_park_fountain, serial_park_square2, serial_shops,
          kennysheep_little_box, special_room [special_room_bee],
          minmay_checkerbox, uniq_sonja
D:12:     layout_basic, serial_shops, nicolae_shop_statue_plus, uniq_psyche,
          uniq_fannar
Temple:   chequers_temple_sunken

Skill      XL: |  1  2  3  4  5  6  7  8  9 10 11 12 |
---------------+-------------------------------------+-----
Long Blades    | 2 3 4 5 6 7 8 |  8.9
Armour         | 4 5 6 7 9 10 | 10.8
Dodging        | 1 2 3 4 5 |  5.3
Shields        | 4 5 6 7 9 10 | 10.8
Fighting       | 4 5 6 7 8 |  8.0
Evocations     | 1 2 3 4 5 |  5.7
Invocations    | 2 4 5 |  5.1

Action                     |  1- 3 |  4- 6 |  7- 9 | 10-12 || total
---------------------------+-------+-------+-------+-------++-------
  Melee: Long sword        |   122 |   216 |   744 |  1004 ||  2086
         Unarmed           |       |       |       |     4 ||     4
 Invoke: Heroism           |       |       |       |     8 ||     8
  Evoke: Wand              |       |       |     1 |    15 ||    16
    Use: Scroll            |     6 |     3 |    12 |     4 ||    25
         Potion            |       |     2 |     4 |    12 ||    18
 Armour: Scale mail        |    81 |   111 |    65 |       ||   257
         Chain mail        |       |       |   390 |   185 ||   575
         Plate armour      |       |       |       |   421 ||   421
  Dodge: Dodged            |    79 |    87 |   296 |   389 ||   851
  Block: Buckler           |    26 |   132 |   454 |   598 ||  1210
         Reflection        |       |     2 |     7 |     9 ||    18

Table legend: (Time is in decaauts)
 A = Elapsed time spent in this place.
 B = Non-inter-level travel time spent in this place.
 C = Inter-level travel time spent in this place.
 D = Time resting spent in this place.
 E = Time spent auto-exploring this place.
 F = Levels seen in this place.
 G = Mean time per level.
                   A        B        C        D        E       F      G
               +--------+--------+--------+--------+--------+-----+--------+
         Total |  14186 |  13757 |    429 |   1581 |   7527 |  15 |  945.7 |
       Dungeon |  13674 |  13264 |    410 |   1554 |   7236 |  12 | 1139.5 |
        Temple |    221 |    202 |     19 |      0 |    193 |   1 |  221.0 |
       Ossuary |    259 |    259 |      0 |     27 |     84 |   1 |  259.0 |
        Bailey |     30 |     30 |      0 |      0 |     12 |   1 |   30.0 |
               +--------+--------+--------+--------+--------+-----+--------+

Top non-repeatable levels by time:
    D:10: 1640 daAuts
     D:9: 1623 daAuts
     D:7: 1527 daAuts
    D:11: 1468 daAuts
     D:5: 1285 daAuts
     D:4: 1222 daAuts
     D:6: 1161 daAuts
     D:3: 995 daAuts
     D:1: 825 daAuts
     D:2: 683 daAuts
    D:12: 660 daAuts
     D:8: 579 daAuts
 Ossuary: 259 daAuts
  Temple: 221 daAuts
  Bailey: 30 daAuts
